Map: [ESL] Inside and Out

Players

DnS

  • Race: Protoss Protoss
  • Spawn Location: 7:00

ShoWTimE - Winner!

  • Race: Protoss Protoss
  • Spawn Location: 1:00

Event: DreamHack SC2 Masters 2022 Atlanta (Online)

VOD

Have the link to the VOD?

Description

Time

  • Played on: Oct. 4, 2022, 10:38 a.m.
  • Length: 4:16

All games in this series

Show
View Real Time Build Order
Export as new Build Order

DnS Protoss 

Build Orders: Cannon Rush 

Get SALT Encoding   

  12  0:00  Probe (Chrono Boost)  
  13  0:09  Probe (Chrono Boost)  
  14  0:14  Probe (Chrono Boost)  
  15  0:21  Pylon  
  15  0:39  Forge, Probe  
  16  0:51  Probe  
  17  1:01  Pylon  
  17  1:05  Pylon  
  17  1:08  Pylon  
  17  1:14  Probe  
  18  1:19  Photon Cannon  
  18  1:25  Photon Cannon  
  18  1:31  Pylon  
  18  1:51  Photon Cannon  
  18  1:52  Photon Cannon  
  18  1:54  Photon Cannon  
  18  2:00  Photon Cannon  
  18  2:04  Pylon  
  19  2:17  Photon Cannon  
  19  2:24  Photon Cannon  
  19  2:29  Probe  
  19  2:38  Gateway  
  19  2:45  Probe  
  19  2:52  Assimilator  
  19  3:00  Probe  
  20  3:06  Pylon  
  20  3:12  Probe  
  21  3:27  Zealot (Chrono Boost)  
  20  3:29  Cybernetics Core  
  20  3:31  Probe  
  23  3:46  Probe  
  16  4:08  Nexus  
Show
View Real Time Build Order
Export as new Build Order

ShoWTimE Protoss - Winner!

Build Orders:  

Get SALT Encoding   

  12  0:00  Probe  
  13  0:12  Probe  
  14  0:17  Pylon  
  14  0:24  Probe (Chrono Boost)  
  15  0:36  Probe (Chrono Boost)  
  15  0:37  Gateway  
  16  0:44  Probe (Chrono Boost)  
  16  0:46  Assimilator  
  17  0:51  Probe  
  18  1:03  Probe  
  19  1:07  Assimilator  
  19  1:15  Probe  
  20  1:22  Pylon  
  20  1:24  Cybernetics Core  
  20  1:25  Zealot (Chrono Boost)  
  20  1:31  Probe  
  23  2:02  Stargate  
  23  2:20  Nexus  
  23  2:29  Pylon  
  23  2:50  Void Ray (Chrono Boost)  
  31  3:21  Void Ray (Chrono Boost)  
  26  4:02  Assimilator  
Tags
 
Add a new tag
Caveats
  • Supply blocks, unpowered buildings, or Contaminate may cause inaccurate times.
  • Supply counts are checked every 10 seconds.